 Dungeon Crawl Stone Soup version 0.31-a0-233-g139696dc86 (webtiles) character file.

Game seed: 10688088071667039056

5852 Ge0ff the Arsonist (level 10, -7/85 HPs)
             Began as an Armataur Fire Elementalist on July 9, 2023.
             Was a Follower of Ashenzari.
             Killed by an exploding Snorg (22 damage)
             ... ignited by their inner flame
             ... on level 10 of the Dungeon.
             The game lasted 00:23:17 (12044 turns).

Ge0ff the Arsonist (Armataur Fire Elementalist)    Turns: 12044, Time: 00:23:17

Health: -7/85      AC:  6    Str: 13    XL:     10   Next: 52%
Magic:  15/19      EV: 10    Int: 25    God:    Ashenzari [*.....]
Gold:   288        SH:  5    Dex: 10    Spells: 11/21 levels left

rFire   + . .        a - +1 spear (venom)
rCold   x . .        v - +0 buckler of Cremastomancy {Self, Evo} (curse)
rNeg    . . .        U - +0 robe "Per Aspera Ad Scientiam" {Int+4 Stlth+, Self, Cun} (curse)
rPois   .            n - +1 helmet
rElec   .            (no cloak)
rCorr   .            (no gloves)
SInv    +            (no barding)
Will    .....        m - amulet of regeneration
Stlth   +++          x - ring of fire
HPRegen 1.14/turn    s - ring of see invisible {=R}
MPRegen 0.16/turn

%: roll
@: weak-willed
A: large, rugged brown scales 3, deformed body, armoured tail, roll, long
tongue, awkward tongue
a: Renounce Religion, Shatter the Chains


You were on level 10 of the Dungeon.
You worshipped Ashenzari.
Ashenzari was aware of your devotion.
You visited 2 branches of the dungeon, and saw 11 of its levels.

You collected 532 gold pieces.
You spent 244 gold pieces at shops.

Inventory:

Hand Weapons
 a - a +1 spear of venom (weapon)
 h - a +2 dagger of electrocution
 j - a +2 whip of flaming
 Y - a +3 flail of protection
Missiles
 p - a boomerang of dispersal
 w - 85 stones
 O - 22 poisoned darts
 Q - 5 boomerangs
Armour
 n - a +1 helmet (worn)
 r - +0 steam dragon scales
 t - +0 acid dragon scales
 v - the cursed +0 buckler of Cremastomancy (worn) {Self, Evo}
   (You found it on level 7 of the Dungeon)

   It has a curse which improves the following skills: Introspection: Fighting
   and Spellcasting.
   Evocations: Evocations.
 G - an orb of guile
 U - the cursed +0 robe "Per Aspera Ad Scientiam" (worn) {Int+4 Stlth+, Self, Cun}
   (You found it on level 2 of the Dungeon)

   Int:       It affects your intelligence (+4).
   Stlth:     It makes you more stealthy.
   It has a curse which improves the following skills: Introspection: Fighting
   and Spellcasting.
   Cunning:   Dodging and Stealth.
Jewellery
 l - an amulet of guardian spirit
 m - an amulet of regeneration (around neck)
 s - a ring of see invisible (right hand) {=R}
 x - a ring of fire (left hand)
 D - a ring of positive energy
Wands
 f - a wand of flame (55)
 k - a wand of iceblast (16)
Scrolls
 b - a scroll of enchant weapon
 B - 2 scrolls of blinking
 C - 3 scrolls of poison
 F - 2 scrolls of fog
 J - a scroll of silence {!r}
 S - 5 scrolls of enchant armour
 T - 4 scrolls of teleportation
 V - 3 scrolls of vulnerability
Potions
 o - a potion of ambrosia
 q - 7 potions of curing
 u - 3 potions of mutation {!q}
 z - 3 potions of brilliance
 A - 3 potions of attraction
 H - a potion of haste {!q}
 I - a potion of invisibility
 K - a potion of magic {!q}
 L - a potion of lignification
 M - 3 potions of might
 N - 2 potions of cancellation {!q}
 R - 3 potions of resistance
 W - 4 potions of heal wounds {!q}
 X - a potion of enlightenment


   Skills:
 + Level 3.6(4.7) Fighting
 - Level 2.0 Throwing
 - Level 3.0(3.6) Dodging
 - Level 2.1(2.8) Stealth
 - Level 5.0 Shields
 - Level 5.0(6.1) Spellcasting
 - Level 5.0 Conjurations
 - Level 2.0 Hexes
 - Level 10.0 Fire Magic
 - Level 4.0(4.7) Evocations


You had 11 spell levels left.
You knew the following spells:

 Your Spells              Type           Power      Damage    Failure   Level
j - Inner Flame           Hex/Fire       54%        N/A       2%          3
m - Flame Wave            Conj/Fire      61%        2d14      4%          4
s - Foxfire               Conj/Fire      100%       2x1d9     1%          1
C - Scorch                Fire           100%       2d9       1%          2

Your spell library contained the following spells:

 Spells                   Type           Power      Damage    Failure   Level
 Volatile Blastmotes      Fire/Tloc      98%        2d18      3%          3
 Slow                     Hex            68%        N/A       4%          1
 Beastly Appendage        Tmut           14%        N/A       10%         1
 Necrotise                Necr           28%        1d5       10%         1
 Summon Small Mammal      Summ           28%        N/A       10%         1
 Ensorcelled Hibernation  Hex/Ice        24%        N/A       10%         2
 Confusing Touch          Hex            17%        N/A       13%         3
 Wereblood                Tmut           7%         N/A       14%         2
 Summon Guardian Golem    Hex/Summ       12%        N/A       19%         3
 Call Canine Familiar     Summ           7%         N/A       28%         3
 Spider Form              Tmut/Pois      7%         N/A       28%         3
 Vampiric Draining        Necr           7%         2d6       28%         3
 Anguish                  Hex/Necr       6%         N/A       54%         4
 Summon Ice Beast         Ice/Summ       7%         N/A       67%         4
 Summon Mana Viper        Hex/Summ       12%        N/A       87%         5
 Agony                    Necr           7%         N/A       95%         5
 Monstrous Menagerie      Summ           3%         N/A       100%        7


Dungeon Overview and Level Annotations

Branches:
Dungeon (10/15) Zot: 26934  Temple (1/1) D:4 Zot: 5747
   Lair: D:8-11         Orc: D:9-12

Altars:
Ashenzari
Cheibriados
Dithmenos
Elyvilon
Fedhas
Gozag
Hepliaklqana
Kikubaaqudgha
Makhleb
Nemelex Xobeh
Okawaru
Qazlal
Ru
Sif Muna
Trog
Uskayaw
Vehumet
Wu Jian
Xom
Yredelemnul
Zin
The Shining One

Shops:
D:1 *   D:3 [

Annotations:
D:1 thaumaturge, 14.9 spc


Innate Abilities, Weirdness & Mutations

You are completely covered in rugged brown scales. (AC +3, +7% HP)
Armour fits poorly on your strangely shaped body.
You have a long armoured tail.
You roll when moving toward enemies. (Rampage)
Your long tongue fully drains potion bottles. (2x potion effects)
Your tongue gives you trouble enunciating. (1.5x scroll delay)


Message History

Aiming: Polymorph
Press: ? - help, Shift-Dir - straight line, f/p - Snorg
Aim: Snorg (weak-willed, will become a dream sheep, a redback, or a hog, chance to affect: 51%) Snorg evaporates and reforms as a dream sheep!
The now-empty wand crumbles to dust.
The orc priest invokes the aid of Beogh against you.
Beogh smites you!
The orc priest casts a cantrip, but nothing happens.
You block the orc priest's attack. Snorg attacks as you move away!
Snorg bites you.
Things that are here:
a +0 short sword; a +0 ring mail Snorg closely misses you.
The orc priest mumbles some strange prayers to Beogh against you.
Beogh smites you!
There is an open door, spattered with blood here.
Things that are here:
a +0 club; a +0 ring mail Really read the scroll of immolation?
As you slowly read the scroll of immolation, it crumbles to dust.
The creatures around you are filled with an inner flame!
Snorg bites you! You block Snorg's attack.
Casting: Scorch (safe; 1% risk of failure)
Confirm with . or Enter, or press ? or * to list all spells.
You feel a surge of power!
Flames lash the orc priest.
Flame seeps out of the orc priest.
The orc priest is heavily wounded.
The orc priest's fire resistance burns away.
The orc priest mumbles some strange prayers to Beogh against you.
Beogh smites you!
* * * LOW HITPOINT WARNING * * *
The orc priest is engulfed in blazing flames.
The orc priest explodes!
The fiery explosion engulfs the orc priest!!
The fiery explosion engulfs the warg!!!
The warg is almost dead.
The fiery explosion engulfs the orc priest!!
The fiery explosion engulfs the warg!!
The warg is almost dead.
The orc priest explodes!
The fiery explosion engulfs the warg!!
You kill the warg!
The fiery explosion engulfs the warg!!!
You kill the warg!
The orc priest explodes!
The fiery explosion engulfs Snorg!!
Flame seeps out of Snorg.
Snorg is almost dead.
Snorg is engulfed in blazing flames.
Snorg the dream sheep explodes!
The fiery explosion engulfs you!! You resist.
You die...

########## #.....[..#
###### #<.......###
#))))#
#........'?#######§§))#
#.......[#.....@○§○§))#
#........#########§§))#
#........# #))))+
##'####### #))).# #..##
###'## ##..# h#
###.####### ..
#.........# ?..
#.....<...# ...


There were no monsters in sight!

Vanquished Creatures
  Pikel (D:5)
  A dream sheep (D:10)
  Sigmund (D:4)
  2 wraiths
  5 yaks
  2 steam dragons
  2 wargs (D:10)
  Edmund (D:4)
  2 acid dragons
  5 orc warriors
  An ice beast (D:6)
  4 black bears
  A sky beast (D:6)
  An ogre (D:5)
  3 centaurs
  2 lemures (D:5)
  2 phantoms
  A kobold brigand (D:9)
  A bullfrog (D:7)
  Blork the orc (D:4)
  4 scorpions
  3 wights (D:8)
  5 killer bees
  3 howler monkeys (D:9)
  A gnoll bouda (D:8)
  5 hounds
  2 jellies
  9 orc priests
  6 iguanas
  9 orc wizards
  Ijyb (D:5)
  2 killer bee zombies (D:7)
  Robin (D:3)
  7 gnolls
  8 adders
  3 shadow imps
  2 white imps (D:5)
  2 ufetubi
  2 worms
  6 dart slugs
  55 orcs
  12 endoplasms
  4 giant cockroaches
  8 goblins
  10 hobgoblins
  3 jackals (D:2)
  4 quokkas
  7 ball pythons
  4 bats
  3 frilled lizards
  12 kobolds
  6 rats
248 creatures vanquished.

Vanquished Creatures (others)
  416 foxfires
416 creatures vanquished.

Grand Total: 664 creatures vanquished

Notes
Turn   | Place    | Note
-------+----------+-------------------------------------------
     0 | D:1      | Ge0ff the Armataur Fire Elementalist began the quest for
                  | the Orb.
     0 | D:1      | Reached XP level 1. HP: 14/14 MP: 3/3
   190 | D:1      | Found Yhatef's Assorted Antiques.
   200 | D:1      | Reached skill level 3 in Fire Magic
   316 | D:1      | Reached XP level 2. HP: 21/21 MP: 0/4
   388 | D:1      | Learned a level 2 spell: Scorch
   872 | D:1      | Reached XP level 3. HP: 27/27 MP: 2/5
   977 | D:1      | Reached skill level 4 in Fire Magic
  1120 | D:1      | Bought a scroll labelled ASOGRE FOIZ for 25 gold pieces
  1120 | D:1      | Bought a scroll labelled DYNNON XIDOEM for 25 gold pieces
  1390 | D:2      | Reached skill level 1 in Fighting
  1397 | D:2      | Reached XP level 4. HP: 36/37 MP: 0/7
  1609 | D:2      | Identified the +0 robe of Theory {Int+4 Stlth+}
  1962 | D:2      | Found a burning altar of Makhleb.
  2220 | D:1      | Bought a scroll labelled ENORYURREH for 25 gold pieces
  2289 | D:3      | Found a burning altar of Makhleb.
  2295 | D:3      | Identified the +0 robe of Bauxe {Dex+5 Stlth+}
  2406 | D:3      | Found Heamusm's Armour Shoppe.
  2883 | D:3      | Reached XP level 5. HP: 42/42 MP: 7/9
  3336 | D:3      | Noticed Robin
  3355 | D:3      | Killed Robin
  3804 | D:4      | Noticed Sigmund
  3810 | D:4      | Killed Sigmund
  3811 | D:4      | Reached skill level 5 in Fire Magic
  3811 | D:4      | Reached XP level 6. HP: 47/50 MP: 0/10
  3950 | D:4      | Reached skill level 6 in Fire Magic
  4134 | D:4      | Noticed Blork the orc
  4138 | D:4      | Killed Blork the orc
  4139 | D:4      | Reached XP level 7. HP: 55/55 MP: 4/11
  4295 | D:4      | Noticed Edmund
  4310 | D:4      | Killed Edmund
  4311 | D:4      | Reached skill level 7 in Fire Magic
  4599 | D:4      | Reached skill level 1 in Evocations
  4980 | D:4      | Found a staircase to the Ecumenical Temple.
  4988 | Temple   | Entered the Ecumenical Temple
  5341 | D:1      | Bought a murky black potion for 22 gold pieces
  5341 | D:1      | Bought a lumpy grey potion for 22 gold pieces
  5420 | D:5      | Entered Level 5 of the Dungeon
  5661 | D:5      | Learned a level 3 spell: Inner Flame
  5663 | D:5      | Noticed Pikel
  5868 | D:5      | Noticed Ijyb
  5873 | D:5      | Killed Ijyb
  5951 | D:5      | Reached XP level 8. HP: 65/65 MP: 6/13
  5953 | D:5      | Reached skill level 1 in Hexes
  6313 | D:5      | Killed Pikel
  6314 | D:5      | Reached skill level 8 in Fire Magic
  6314 | D:5      | Reached skill level 1 in Conjurations
  6562 | D:5      | Reached skill level 5 in Spellcasting
  7061 | D:6      | Reached skill level 1 in Throwing
  7061 | D:6      | Reached XP level 9. HP: 69/73 MP: 9/16
  7871 | D:6      | Learned a level 4 spell: Flame Wave
  8040 | D:6      | Found an iron altar of Okawaru.
  8051 | D:6      | Found a sparkling altar of Nemelex Xobeh.
  8320 | D:7      | Found an ancient bone altar of Kikubaaqudgha.
  8406 | D:7      | Reached skill level 1 in Shields
  8501 | D:7      | Found a white marble altar of Elyvilon.
  9020 | D:7      | Found a basalt altar of Yredelemnul.
  9762 | D:8      | Reached skill level 9 in Fire Magic
 10033 | D:8      | Found a broken altar of Ashenzari.
 10038 | D:8      | Became a worshipper of Ashenzari the Shackled
 10280 | D:8      | Found a hide-covered altar of Uskayaw.
 10324 | D:8      | Reached XP level 10. HP: 77/82 MP: 4/17
 10568 | D:8      | Reached skill level 5 in Shields
 10885 | D:1      | Bought a blackened malachite amulet for 125 gold pieces
 11981 | D:10     | Entered Level 10 of the Dungeon
 11999 | D:10     | Reached * piety under Ashenzari
 12009 | D:10     | Identified the +7 sling "Binguxakh" {heavy, Will+++ Str-2
                  | Dex+4}
 12012 | D:10     | Reached skill level 5 in Conjurations
 12012 | D:10     | Reached skill level 10 in Fire Magic
 12032 | D:10     | Noticed Snorg
 12038 | D:10     | Snorg changed into Snorg the dream sheep
 12038 | D:10     | Noticed Snorg
 12044 | D:10     | Killed Snorg the dream sheep
 12044 | D:10     | Killed by an exploding Snorg... ignited by their inner
                  | flame

Illustrated notes

Levels and vault maps discovered:
D:1:      roderic_octagonal_star, layout_basic, serial_shops, shop, st_stairs_3,
          minmay_cupped
D:2:      layout_rooms, basic_altar
D:3:      layout_basic, bloody_makhleb, serial_shops, shop, grunt_ministairs_4,
          uniq_robin
D:4:      layout_loops_ring, minmay_temple_entry_enclosed_plants,
          uniq_blork_the_orc, uniq_sigmund, uniq_edmund
D:5:      layout_basic, uniq_pikel, uniq_ijyb
D:6:      layout_basic, amethyst_overflow_temple_binary
D:7:      layout_basic, lemuel_zombie_altar_yredelemnul,
          overflow_temple_1_default, elyvilon_altar_1, hangedman_decor_lopped
D:8:      layout_loops_ring, mainiacjoe_overflow_two_lobes
D:9:      layout_irregular_city, serial_column_ruins, column_ruins_circle_small,
          column_ruins_grid_4, column_ruins_grid_1, column_ruins_grid_1,
          column_ruins_open_tiny, column_ruins_grid_1,
          hangedman_abyss_or_decor_lesser_grid
D:10:     layout_roguey [special_room_orc], erik_lair_orcish_takeover,
          minmay_misc_feat_ornament, minmay_quadrilaterals, uniq_snorg,
          uniq_fannar
Temple:   minmay_temple_curvy_branch

Skill      XL: |  1  2  3  4  5  6  7  8  9 10 |
---------------+-------------------------------+-----
Fire Magic     | 3 4 5 6 7 8 9 10 | 10.0
Spellcasting   | 2 3 5 |  5.0
Fighting       | 1 2 3 |  3.6
Evocations     | 3 4 |  4.0
Dodging        | 2 3 |  3.0
Hexes          | 2 |  2.0
Conjurations   | 1 3 5 |  5.0
Throwing       | 1 2 |  2.0
Shields        | 4 5 |  5.0
Stealth        | |  2.1

Action                     |  1- 3 |  4- 6 |  7- 9 | 10-12 || total
---------------------------+-------+-------+-------+-------++-------
  Melee: Dagger            |    19 |     1 |       |       ||    20
         Tailslap          |     1 |     1 |     7 |       ||     9
         Spear             |       |    36 |    46 |       ||    82
         Punch             |       |       |     2 |       ||     2
   Cast: Foxfire           |    44 |    28 |   118 |    41 ||   231
         Scorch            |     9 |    27 |   114 |    37 ||   187
         Flame Wave        |       |       |     1 |     1 ||     2
 Invoke: Curse Item        |       |       |       |     2 ||     2
  Evoke: Wand              |       |       |     2 |     3 ||     5
    Use: Scroll            |       |       |    10 |     5 ||    15
   Stab: Sleeping          |     1 |     1 |     1 |       ||     3
 Armour: Robe              |     9 |    19 |    30 |     8 ||    66
  Dodge: Dodged            |     8 |    11 |    43 |    18 ||    80
  Block: Buckler           |       |       |     8 |    12 ||    20

Table legend: (Time is in decaauts)
 A = Elapsed time spent in this place.
 B = Non-inter-level travel time spent in this place.
 C = Inter-level travel time spent in this place.
 D = Time resting spent in this place.
 E = Time spent auto-exploring this place.
 F = Levels seen in this place.
 G = Mean time per level.
                   A        B        C        D        E       F      G
               +--------+--------+--------+--------+--------+-----+--------+
         Total |  12080 |  11221 |    859 |    487 |   9181 |  11 | 1098.2 |
       Dungeon |  11827 |  10973 |    854 |    487 |   8936 |  10 | 1182.7 |
        Temple |    252 |    247 |      5 |      0 |    245 |   1 |  252.0 |
               +--------+--------+--------+--------+--------+-----+--------+

Top non-repeatable levels by time:
     D:3: 1613 daAuts
     D:5: 1459 daAuts
     D:8: 1435 daAuts
     D:1: 1365 daAuts
     D:6: 1308 daAuts
     D:4: 1290 daAuts
     D:7: 1193 daAuts
     D:2: 1085 daAuts
     D:9: 1010 daAuts
  Temple: 252 daAuts
    D:10: 64 daAuts
